 Dungeon Crawl Stone Soup version 0.20-a0-19-gd4fea00 (webtiles) character file.

137 mrath the Stinger (level 5, 0/52 HPs)
             Began as a Formicid Venom Mage on Nov 6, 2016.
             Slain by an adder (2 damage)
             ... on level 2 of the Dungeon.
             The game lasted 00:18:01 (2616 turns).

mrath the Stinger (Formicid Venom Mage)             Turns: 2616, Time: 00:18:01

Health: 0/52       AC: 22    Str: 12    XL:     5   Next: 43%
Magic:  11/11      EV:  2    Int: 16    God:
Gold:   86         SH:  0    Dex: 11    Spells: 2 memorised, 8 levels left

rFire  . . .     SeeInvis .     j - +0 hand axe
rCold  . . .     Gourm    .     (armour currently unavailable)
rNeg   + + +     Faith    .     (no shield)
rPois  +         Spirit   .     (helmet unavailable)
rElec  .         Reflect  .     (cloak currently unavailable)
rCorr  .         Harm     .     (gloves currently unavailable)
MR     .....                    (boots currently unavailable)
Stlth  ++........               (no amulet)
                                (no ring)
                                (no ring)

@: tree-form
A: permanent stasis, dig shafts and tunnels, four strong arms, (antennae 0)
a: no special abilities


You were on level 2 of the Dungeon.
You were hungry.
You were a tree.
You visited 1 branch of the dungeon, and saw 2 of its levels.

You collected 86 gold pieces.

Inventory:

Hand Weapons
 j - a +0 hand axe (weapon)
 k - a +3 short sword of electrocution
 n - a +0 whip
 s - a +1 mace of crushing
 t - a +0 war axe
Missiles
 l - 54 stones (quivered)
 u - 13 poisoned needles
Armour
 a - a +0 robe (melded)
 i - a +0 buckler
 v - a +0 leather armour
Wands
 m - a wand of polymorph (21/24)
Scrolls
 f - a scroll of teleportation {unknown}
 q - a scroll of identify {unknown}
 r - a scroll of magic mapping {unknown}
 x - a scroll of random uselessness {unknown}
Potions
 d - a potion of lignification
 e - 2 potions of haste {unknown}
 o - a potion of degeneration {unknown}
 w - a potion of heal wounds {unknown}
Books
 b - a Young Poisoner's Handbook

   Spells                             Type                      Level
   a - Sting                          Conjuration/Poison           1
   b - Mephitic Cloud                 Conjuration/Poison/Air       3
   c - Olgreb's Toxic Radiance        Poison                       4
   d - Alistair's Intoxication        Transmutation/Poison         5
   e - Venom Bolt                     Conjuration/Poison           5
Comestibles
 c - 2 bread rations
 g - a beef jerky
 h - a royal jelly
 p - 3 chunks of flesh


   Skills:
 - Level 1.7 Dodging
 - Level 2.4 Stealth
 * Level 4.0 Spellcasting
 + Level 1.5 Conjurations
 + Level 6.4 Poison Magic


You had 8 spell levels left.
You knew the following spells:

 Your Spells              Type           Power        Failure   Level  Hunger
a - Sting                 Conj/Pois      ###.         3%          1    None
b - Mephitic Cloud        Conj/Pois/Air  ##......     17%         3    ###....


Dungeon Overview and Level Annotations

Branches:
Dungeon (2/15)

Altars:
Ru

Annotations:
D:2 Natasha


Innate Abilities, Weirdness & Mutations

You are under a permanent stasis effect.
You can dig through walls and to a lower floor.
Your four strong arms can wield two-handed weapons with a shield.
((You have a pair of large antennae on your head. (SInv)))


Message History

The adder is moderately wounded.
The adder bites you but does no damage.
You closely miss the adder.
The adder is moderately wounded.
The adder bites you but does no damage. x2
You closely miss the adder.
The adder is moderately wounded.
The adder bites you but does no damage. x2
You closely miss the adder.
The adder is moderately wounded.
You feel sick.
You are no longer poisoned.
The adder bites you but does no damage.
You hit the adder.
The adder is almost dead.
The adder bites you but does no damage. x2
You barely miss the adder.
The adder is almost dead.
The adder bites you.
You die...

#.......# #.......#
########### ##'######
#.........# #.# #.........#
#.# #.........# ###.#####
#.........# #.......#
#.........#
#.#.###.####.....[...#
#.#.#...>.S♣.........#
#.#.#.#.####.........#######
#.#.#.#.# #.....)...'......
#.#.#.#.####.........#######
#.#.#.#.#..................#
#.#.#.#.#.#############.....
#.#.#.#.#................#..
#.# #.#.#############.#.....
#.# ..#...............#.#...


You could see an adder.

Vanquished Creatures
  Jessica (D:2)
  A worker ant (D:2)
  3 adders (D:2)
  An ooze (D:2)
  2 worms (D:2)
  A dart slug (D:1)
  2 leopard geckos
  A giant cockroach (D:1)
  6 hobgoblins
  2 jackals (D:2)
  2 kobolds (D:1)
  A quokka (D:2)
  5 bats
  2 frilled lizards
  9 goblins
  10 rats
49 creatures vanquished.

Notes
Turn   | Place    | Note
-------+----------+-------------------------------------------
     0 | D:1      | mrath the Formicid Venom Mage began the quest for the Orb.
     0 | D:1      | Reached XP level 1. HP: 13/13 MP: 3/3
   147 | D:1      | Reached XP level 2. HP: 19/19 MP: 5/5
   558 | D:1      | Reached XP level 3. HP: 24/24 MP: 4/7
  1067 | D:1      | Learned a level 3 spell: Mephitic Cloud
  1068 | D:2      | Noticed Natasha
  1255 | D:2      | Reached skill level 1 in Conjurations
  1255 | D:2      | Reached XP level 4. HP: 25/30 MP: 3/8
  1631 | D:2      | Found a sacrificial altar of Ru.
  1785 | D:2      | Reached skill level 6 in Poison Magic
  2016 | D:2      | Noticed Jessica
  2073 | D:2      | Killed Jessica
  2073 | D:2      | Reached XP level 5. HP: 32/35 MP: 5/10
  2607 | D:2      | HP: 2/52 [poisoned by an adder]
  2614 | D:2      | HP: 2/52 [poisoned by an adder]
  2616 | D:2      | Slain by an adder

Vault maps used:
D:1:      dpeg_arrival_ratfight
D:2:      nicolae_ru_path_of_blood, uniq_jessica, uniq_natasha

Skill      XL: |  1  2  3  4  5 |
---------------+----------------+-----
Spellcasting   | 3 4 |  4.0
Conjurations   | 1 |  1.5
Poison Magic   | 6 |  6.4
Dodging        | |  1.7
Stealth        | |  2.4

Action                   |  1- 3 |  4- 6 || total
-------------------------+-------+-------++-------
Melee: Club              |    16 |       ||    16
       Unarmed           |     7 |       ||     7
       Hand axe          |    12 |    57 ||    69
Throw: Stone             |       |     1 ||     1
 Cast: Sting             |    39 |    38 ||    77
  Use: Potion            |       |     1 ||     1
 Stab: Sleeping          |     1 |     1 ||     2
  Eat: Chunk             |     1 |     4 ||     5
Armor: Robe              |     8 |     9 ||    17
       Skin              |       |    25 ||    25
Dodge: Dodged            |    31 |    33 ||    64
